[ AOE2 MATCH · #495519971 ]
UnrankedArmenians vs Malians
Player's team · WIN
Rival team · LOSS
[ REPLAY ANALYSIS · EXTRACTED FROM THE RECORDED GAME ]
Feudal
10:44
Castle
20:30
Imperial
42:04
| APM avg | 49.9 |
| APM peak | 86 |
| eAPM avg | 25.2 |
| Villagers / military | 225 / 498 |
Focus
⚔️ 43.9% · 🌾 56.1%
Spearman ×240 · Militia ×81 · Archer ×78 · Scout Cavalry ×33 · Knight ×26 · Skirmisher ×16
Feudal
8:50
Castle
20:02
Imperial
43:16
| APM avg | 62.9 |
| APM peak | 102 |
| eAPM avg | 29.7 |
| Villagers / military | 255 / 425 |
Focus
⚔️ 36.5% · 🌾 63.5%
Scout Cavalry ×155 · Skirmisher ×80 · Knight ×71 · Hand Cannoneer ×46 · Gbeto ×31 · Camel Scout ×21
Match map
Initial resources + every placement click. Lines = walls · curves = elevation contours. ◆ gold · ⬟ stone · ● berries · ✦ relic · ◌ wall gap
Your base· ✓ Closed at 20:30 · 55t walls · 1 gate(s)
Madeen's base· Open — opponent sealed themselves in
Smoothed initial terrain · ◌ = detected wall gap · hover for details
Inputs per minute
— Tapwater2000 - - Madeen
Build order — Tapwater2000
First 150 of 739 actions detected
| 0:00 | Create | Villager (Male) |
| 0:01 | Create | Villager (Male) |
| 0:01 | Create | Villager (Male) |
| 0:01 | Create | Villager (Male) |
| 0:02 | Build | House |
| 0:04 | Build | House |
| 1:24 | Create | Villager (Male) |
| 1:46 | Create | Villager (Male) |
| 2:12 | Build | Mule Cart |
| 2:30 | Create | Villager (Male) |
| 2:39 | Create | Villager (Male) |
| 3:10 | Create | Villager (Male) |
| 3:32 | Create | Villager (Male) |
| 3:53 | Build | House |
| 3:54 | Create | Villager (Male) |
| 4:17 | Create | Villager (Male) |
| 4:21 | Build | Barracks |
| 4:54 | Create | Villager (Male) |
| 5:07 | Create | Villager (Male) |
| 5:15 | Build | House |
| 5:22 | Create | Militia |
| 5:25 | Create | Militia |
| 5:28 | Create | Spearman |
| 5:38 | Create | Villager (Male) |
| 5:56 | Create | Spearman |
| 6:14 | Create | Villager (Male) |
| 6:16 | Create | Villager (Male) |
| 6:21 | Build | Mill |
| 6:44 | Create | Villager (Male) |
| 6:57 | Create | Villager (Male) |
| 6:57 | Research | Loom |
| 7:43 | Build | House |
| 7:54 | Create | Villager (Male) |
| 8:34 | Research | Feudal Age |
| 8:47 | Build | Mule Cart |
| 8:51 | Build | House |
| 8:54 | Build | Palisade Wall |
| 9:07 | Create | Villager (Male) |
| 9:11 | Build | House |
| 9:21 | Create | Spearman |
| 10:07 | Build | Palisade Wall |
| 10:34 | Create | Villager (Male) |
| 10:44 | Age | Feudal Age |
| 10:51 | Build | Archery Range |
| 10:57 | Create | Villager (Male) |
| 10:58 | Build | Farm |
| 11:01 | Research | Double-Bit Axe |
| 11:28 | Build | Farm |
| 11:40 | Build | Palisade Wall |
| 11:41 | Build | Palisade Wall |
| 11:43 | Build | Palisade Wall |
| 11:46 | Create | Villager (Male) |
| 11:48 | Build | Palisade Wall |
| 11:52 | Create | Archer |
| 11:52 | Create | Archer |
| 11:56 | Build | Palisade Wall |
| 12:01 | Build | Palisade Wall |
| 12:04 | Create | Villager (Male) |
| 12:05 | Create | Archer |
| 12:23 | Create | Villager (Male) |
| 12:24 | Build | Farm |
| 12:38 | Create | Archer |
| 12:49 | Create | Villager (Male) |
| 13:03 | Build | Farm |
| 13:06 | Build | Mill |
| 13:08 | Build | Farm |
| 13:12 | Create | Archer |
| 13:25 | Create | Villager (Male) |
| 13:41 | Build | Farm |
| 13:44 | Create | Villager (Male) |
| 13:46 | Build | Farm |
| 14:06 | Create | Archer |
| 14:10 | Build | House |
| 14:17 | Create | Villager (Male) |
| 14:32 | Build | Farm |
| 14:35 | Create | Archer |
| 14:41 | Build | Palisade Wall |
| 14:48 | Create | Archer |
| 14:55 | Create | Villager (Male) |
| 14:56 | Create | Villager (Male) |
| 15:00 | Build | Farm |
| 15:17 | Build | House |
| 15:23 | Create | Villager (Male) |
| 15:27 | Build | Farm |
| 15:48 | Build | Blacksmith |
| 15:50 | Create | Villager (Male) |
| 15:51 | Create | Archer |
| 16:30 | Create | Villager (Male) |
| 16:36 | Create | Archer |
| 16:41 | Build | Stable |
| 16:46 | Build | Farm |
| 16:58 | Create | Villager (Male) |
| 17:04 | Build | Farm |
| 17:10 | Create | Villager (Male) |
| 17:29 | Build | Farm |
| 17:44 | Research | Castle Age |
| 17:54 | Build | Farm |
| 18:08 | Create | Scout Cavalry |
| 18:11 | Build | House |
| 18:16 | Build | House |
| 18:16 | Build | House |
| 18:33 | Create | Scout Cavalry |
| 18:41 | Create | Archer |
| 18:54 | Build | Palisade Gate |
| 19:01 | Create | Scout Cavalry |
| 19:10 | Build | Farm |
| 19:17 | Research | Fletching |
| 19:39 | Create | Villager (Male) |
| 19:44 | Build | House |
| 19:45 | Build | House |
| 19:57 | Build | Market |
| 20:09 | Build | House |
| 20:30 | Age | Castle Age |
| 20:32 | Research | Bodkin Arrow |
| 20:38 | Research | Crossbowman (upgrade) |
| 20:59 | Create | Villager (Male) |
| 21:02 | Build | Town Center |
| 21:20 | Create | Knight |
| 21:21 | Create | Knight |
| 21:56 | Create | Villager (Male) |
| 22:03 | Create | Knight |
| 22:04 | Create | Villager (Male) |
| 22:09 | Create | Villager (Male) |
| 22:33 | Create | Archer |
| 22:33 | Create | Archer |
| 22:36 | Create | Villager (Male) |
| 22:38 | Create | Villager (Male) |
| 22:50 | Build | Siege Workshop |
| 22:51 | Create | Archer |
| 23:05 | Build | Farm |
| 23:09 | Create | Knight |
| 23:24 | Create | Villager (Male) |
| 23:28 | Create | Villager (Male) |
| 23:33 | Create | Villager (Male) |
| 23:34 | Create | Villager (Male) |
| 23:44 | Research | Bow Saw |
| 24:02 | Create | Mangonel |
| 24:05 | Create | Knight |
| 24:17 | Create | Villager (Male) |
| 24:21 | Build | Farm |
| 24:22 | Build | Farm |
| 24:43 | Create | Mangonel |
| 24:45 | Create | Villager (Male) |
| 24:47 | Create | Villager (Male) |
| 24:50 | Build | Farm |
| 24:53 | Build | Farm |
| 24:55 | Build | Farm |
| 24:57 | Create | Villager (Male) |
| 25:23 | Create | Mangonel |
| 25:26 | Create | Villager (Male) |
Build order — Madeen
First 150 of 777 actions detected
| 0:00 | Create | Villager (Male) |
| 0:00 | Create | Villager (Male) |
| 0:02 | Build | House |
| 0:03 | Build | House |
| 0:08 | Create | Villager (Male) |
| 0:08 | Create | Villager (Male) |
| 1:19 | Build | Mill |
| 1:29 | Create | Villager (Male) |
| 1:51 | Create | Villager (Male) |
| 2:15 | Create | Villager (Male) |
| 2:41 | Create | Villager (Male) |
| 2:53 | Build | Palisade Wall |
| 3:09 | Create | Villager (Male) |
| 3:22 | Create | Villager (Male) |
| 3:26 | Build | House |
| 4:02 | Create | Villager (Male) |
| 4:02 | Create | Villager (Male) |
| 4:02 | Create | Villager (Male) |
| 4:31 | Create | Villager (Male) |
| 4:46 | Create | Villager (Male) |
| 5:36 | Create | Villager (Male) |
| 5:41 | Build | Lumber Camp |
| 6:14 | Research | Loom |
| 6:32 | Research | Feudal Age |
| 6:47 | Build | Palisade Wall |
| 6:49 | Build | Palisade Wall |
| 6:51 | Build | Palisade Wall |
| 6:54 | Build | Palisade Wall |
| 6:55 | Create | Villager (Male) |
| 7:05 | Build | Palisade Wall |
| 7:19 | Build | Palisade Wall |
| 7:40 | Build | Palisade Wall |
| 7:42 | Build | Palisade Wall |
| 7:43 | Build | Palisade Wall |
| 7:45 | Build | Palisade Wall |
| 7:48 | Build | Palisade Wall |
| 7:49 | Build | Palisade Wall |
| 8:10 | Build | Palisade Wall |
| 8:50 | Age | Feudal Age |
| 8:51 | Build | Mill |
| 8:54 | Build | Barracks |
| 8:57 | Research | Double-Bit Axe |
| 9:18 | Create | Villager (Male) |
| 9:18 | Create | Villager (Male) |
| 9:22 | Build | House |
| 9:24 | Research | Wheelbarrow |
| 9:28 | Research | Town Watch |
| 9:29 | Research | Town Watch |
| 9:33 | Create | Villager (Male) |
| 9:37 | Build | Archery Range |
| 10:06 | Create | Villager (Male) |
| 10:11 | Build | Mill |
| 10:20 | Create | Skirmisher |
| 10:27 | Build | House |
| 10:31 | Build | House |
| 10:33 | Build | Palisade Wall |
| 10:40 | Create | Villager (Male) |
| 10:47 | Create | Skirmisher |
| 10:57 | Build | House |
| 11:04 | Create | Villager (Male) |
| 11:19 | Build | Farm |
| 11:19 | Create | Villager (Male) |
| 11:24 | Create | Skirmisher |
| 11:45 | Build | Farm |
| 11:52 | Create | Skirmisher |
| 11:54 | Create | Villager (Male) |
| 12:08 | Create | Villager (Male) |
| 12:10 | Build | Farm |
| 12:11 | Create | Villager (Male) |
| 12:27 | Create | Skirmisher |
| 12:41 | Create | Villager (Male) |
| 12:56 | Create | Skirmisher |
| 12:58 | Build | Farm |
| 12:58 | Build | Farm |
| 12:58 | Build | Farm |
| 13:13 | Create | Villager (Male) |
| 13:37 | Create | Villager (Male) |
| 13:40 | Build | Farm |
| 13:42 | Build | Mining Camp |
| 13:42 | Create | Villager (Male) |
| 13:47 | Research | Horse Collar |
| 13:49 | Create | Villager (Male) |
| 14:17 | Create | Archer |
| 14:21 | Build | House |
| 14:25 | Build | House |
| 14:34 | Build | Farm |
| 14:38 | Build | Farm |
| 14:47 | Create | Skirmisher |
| 15:19 | Build | Palisade Wall |
| 15:20 | Build | Palisade Wall |
| 15:23 | Build | Palisade Wall |
| 15:24 | Build | Palisade Wall |
| 15:25 | Build | Palisade Wall |
| 15:30 | Create | Villager (Male) |
| 15:33 | Build | Lumber Camp |
| 15:38 | Create | Skirmisher |
| 15:50 | Create | Villager (Male) |
| 16:08 | Build | Farm |
| 16:08 | Create | Villager (Male) |
| 16:41 | Build | Blacksmith |
| 16:41 | Create | Villager (Male) |
| 17:09 | Build | Lumber Camp |
| 17:14 | Build | Mining Camp |
| 17:22 | Research | Castle Age |
| 17:24 | Build | House |
| 17:25 | Build | Palisade Wall |
| 17:28 | Build | Palisade Gate |
| 17:29 | Build | Palisade Wall |
| 17:31 | Research | Fletching |
| 17:43 | Create | Skirmisher |
| 17:44 | Create | Skirmisher |
| 17:45 | Create | Villager (Male) |
| 17:51 | Build | Palisade Wall |
| 17:53 | Build | Palisade Wall |
| 18:19 | Create | Spearman |
| 18:26 | Build | Palisade Wall |
| 18:41 | Build | Palisade Wall |
| 18:46 | Build | House |
| 19:07 | Create | Archer |
| 19:08 | Create | Archer |
| 20:02 | Age | Castle Age |
| 20:04 | Research | Bodkin Arrow |
| 20:05 | Research | Elite Skirmisher (upgrade) |
| 20:11 | Build | Town Center |
| 20:19 | Build | Town Center |
| 20:25 | Create | Skirmisher |
| 20:28 | Create | Villager (Male) |
| 20:33 | Build | House |
| 20:35 | Build | House |
| 20:36 | Build | House |
| 20:43 | Build | Palisade Wall |
| 20:53 | Create | Villager (Male) |
| 20:57 | Create | Villager (Male) |
| 21:09 | Create | Skirmisher |
| 21:16 | Create | Villager (Male) |
| 21:16 | Create | Villager (Male) |
| 21:16 | Create | Villager (Male) |
| 21:16 | Create | Villager (Male) |
| 21:17 | Create | Villager (Male) |
| 21:23 | Build | Farm |
| 21:49 | Build | Farm |
| 21:53 | Research | Padded Archer Armor |
| 21:55 | Create | Skirmisher |
| 22:07 | Build | Farm |
| 22:17 | Build | Lumber Camp |
| 22:29 | Create | Villager (Male) |
| 22:40 | Create | Skirmisher |
| 22:40 | Create | Skirmisher |
| 22:47 | Build | Farm |
| 22:48 | Build | Farm |
Match timeline
| 2:53 | Madeen · wall_segment Palisade Wall x1 |
| 4:21 | Tapwater2000 · first_building Barracks |
| 6:47 | Madeen · wall_segment Palisade Wall x1 |
| 6:49 | Madeen · wall_segment Palisade Wall x1 |
| 6:51 | Madeen · wall_segment Palisade Wall x1 |
| 6:54 | Madeen · wall_segment Palisade Wall x1 |
| 7:05 | Madeen · wall_segment Palisade Wall x1 |
| 7:19 | Madeen · wall_segment Palisade Wall x1 |
| 7:40 | Madeen · wall_segment Palisade Wall x1 |
| 7:42 | Madeen · wall_segment Palisade Wall x1 |
| 7:43 | Madeen · wall_segment Palisade Wall x1 |
| 7:45 | Madeen · wall_segment Palisade Wall x1 |
| 7:48 | Madeen · wall_segment Palisade Wall x1 |
| 7:49 | Madeen · wall_segment Palisade Wall x1 |
| 8:10 | Madeen · wall_segment Palisade Wall x1 |
| 8:50 | Madeen · age_up feudal |
| 8:54 | Tapwater2000 · wall_segment Palisade Wall x11 |
| 8:54 | Madeen · first_building Barracks |
| 9:37 | Madeen · first_building Archery Range |
| 10:07 | Tapwater2000 · wall_segment Palisade Wall x9 |
| 10:33 | Madeen · wall_segment Palisade Wall x1 |
| 10:44 | Tapwater2000 · age_up feudal |
| 10:51 | Tapwater2000 · first_building Archery Range |
| 11:40 | Tapwater2000 · wall_segment Palisade Wall x1 |
| 11:41 | Tapwater2000 · wall_segment Palisade Wall x1 |
| 11:43 | Tapwater2000 · wall_segment Palisade Wall x20 |
| 11:48 | Tapwater2000 · wall_segment Palisade Wall x4 |
| 11:56 | Tapwater2000 · wall_segment Palisade Wall x4 |
| 12:01 | Tapwater2000 · wall_segment Palisade Wall x5 |
| 14:41 | Tapwater2000 · wall_segment Palisade Wall x1 |
| 15:19 | Madeen · wall_segment Palisade Wall x1 |
| 15:20 | Madeen · wall_segment Palisade Wall x1 |
| 15:23 | Madeen · wall_segment Palisade Wall x1 |
| 15:24 | Madeen · wall_segment Palisade Wall x1 |
| 15:25 | Madeen · wall_segment Palisade Wall x1 |
| 16:41 | Tapwater2000 · first_building Stable |
| 17:25 | Madeen · wall_segment Palisade Wall x1 |
| 17:29 | Madeen · wall_segment Palisade Wall x1 |
| 17:51 | Madeen · wall_segment Palisade Wall x1 |
| 17:53 | Madeen · wall_segment Palisade Wall x1 |
| 18:26 | Madeen · wall_segment Palisade Wall x1 |
| 18:41 | Madeen · wall_segment Palisade Wall x4 |
| 20:02 | Madeen · age_up castle |
| 20:30 | Tapwater2000 · age_up castle |
| 20:43 | Madeen · wall_segment Palisade Wall x1 |
| 22:50 | Tapwater2000 · first_building Siege Workshop |
| 22:57 | Madeen · wall_segment Palisade Wall x6 |
| 23:08 | Tapwater2000 · first_market_buy 100 food |
| 23:16 | Madeen · wall_segment Palisade Wall x1 |
| 23:17 | Madeen · wall_segment Palisade Wall x1 |
| 23:45 | Madeen · wall_segment Palisade Wall x3 |
| 24:08 | Madeen · wall_segment Palisade Wall x5 |
| 24:36 | Madeen · first_building Castle |
| 25:17 | Madeen · wall_segment Palisade Wall x7 |
| 25:54 | Madeen · first_market_buy 100 food |
| 26:54 | Madeen · first_market_sell 100 stone |
| 28:39 | Madeen · first_building Stable |
| 29:05 | Madeen · wall_segment Palisade Wall x9 |
| 30:24 | Madeen · first_building Siege Workshop |
| 36:17 | Tapwater2000 · first_building Monastery |
| 40:42 | Madeen · wall_segment Stone Wall x15 |
| 40:47 | Madeen · wall_segment Stone Wall x7 |
| 41:38 | Tapwater2000 · first_building Castle |
| 42:04 | Tapwater2000 · age_up imperial |
| 42:27 | Madeen · wall_segment Palisade Wall x1 |
| 43:16 | Madeen · age_up imperial |
| 44:38 | Tapwater2000 · first_market_sell 500 food |
| 55:35 | Madeen · first_building Monastery |
| 59:39 | Madeen · wall_segment Palisade Wall x14 |
| 65:45 | Madeen · resign |
[ AI ANALYSIS · 1 CREDIT ]
What really happened in this match?
Wolo.gg analyzes every decision: build order, eco, micro, common mistakes by bracket. Personalized analysis on WhatsApp or Discord in 30 seconds.
Civ guide
Armenians
Perfil
Tapwater2000